AoeStats
← jphilkill

Nomad

504955167Analyzed
4v4 RM · 26d ago on Sep 7, 2026· 30m 5s· 8 players
Game mode
Random Map
Map size
231×231
Population
200
Speed
Normal
Resources
Standard
Victory
Conquest
Starting age
Dark Age
Ending age
Imperial Age
RankedLock teamsTeams togetherTeam positionsShared explorationLock speedFull tech treeHidden civsTurbo modeCheats
Victory
Defeat
🇳🇿 Dravidians · New Zealand
1171
+14
🇨🇳 Cumans · China
1171
+14
🇳🇿 Romans · New Zealand
1168
+14
🇩🇪 Huns · Germany
1006
+22
🇨🇳 Khmer · China
1168
-18
🇨🇳 Vietnamese · China
1167
-18
🇪🇸 Vikings · Spain
1128
-16
🇺🇸 Hindustanis · United States
1036
-16
Korfuffle
8:56 Loom
12:16 Feudal Age
13:08 Double-Bit Axe
14:43 Horse Collar
17:43 Bloodlines
18:37 Scale Barding Armor
22:10 Wheelbarrow
25:35 Castle Age
27:11 Forging
27:22 Chain Barding Armor
27:09 Husbandry
27:39 Bow Saw
27:31 Heavy Plow
28:11 Hand Cart
lamanito6
5:27 Loom
15:28 Feudal Age
15:32 Man-at-Arms
15:58 Arson
等雨停
5:18 Loom
14:42 Feudal Age
17:13 Town Watch
18:57 Fletching
22:11 Stone Mining
25:39 Double-Bit Axe
25:36 Horse Collar
惊鸿
2:59 Loom
12:35 Feudal Age
13:36 Fishing Lines
14:49 Double-Bit Axe
17:31 Horse Collar
22:04 Castle Age
23:02 Pikeman
FinRahZel
4:15 Loom
13:37 Feudal Age
18:41 Castle Age
17:10 Stone Mining
19:06 Town Watch
22:19 Scale Barding Armor
24:04 Double-Bit Axe
25:58 Scale Mail Armor
26:46 Forging
27:47 Fishing Lines
28:18 Gambesons
28:33 Squires
30:05 Chain Mail Armor
jordan.armstrong
4:49 Loom
15:15 Feudal Age
15:25 Man-at-Arms
16:21 Fishing Lines
17:18 Forging
17:51 Horse Collar
21:28 Wheelbarrow
21:10 Scale Mail Armor
26:23 Castle Age
25:35 Double-Bit Axe
27:30 Town Watch
28:01 Hand Cart
32:13 Imperial Age
jphilkill
3:55 Loom
16:03 Feudal Age
21:03 Double-Bit Axe
29:32 Castle Age
30:07 Wheelbarrow
清纯帝
13:52 Feudal Age
16:50 Double-Bit Axe
22:53 Castle Age
24:52 Horse Collar
28:02 Bloodlines
28:21 Scale Barding Armor
Connection lost

Rejoining the realm…

Still unreachable

The connection could not be restored.

Session expired

The server has moved on; the page needs a fresh start.